 Dungeon Crawl Stone Soup version 0.20-a0-548-g4f8a798 (webtiles) character file.

798 HarryHood the Cudgeler (level 7, 0/46 HPs)
             Began as a Gargoyle Berserker on Feb 2, 2017.
             Was a Priest of Trog.
             Killed by divine providence
             ... invoked by an orc priest
              (11 damage)
             ... on level 5 of the Dungeon.
             The game lasted 00:13:00 (3320 turns).

HarryHood the Cudgeler (Gargoyle Berserker)         Turns: 3320, Time: 00:13:01

Health: 0/46       AC: 16    Str: 20    XL:     7   Next: 89%
Magic:  7/7        EV: 12    Int:  8    God:    Trog [***...]
Gold:   84         SH:  0    Dex: 14    Spells: 6/6 levels left

rFire    . . .     SeeInvis .   a - +1 mace
rCold    . . .     Gourm    .   x - +2 scale mail "Yrchiyc" {Dex+3 Stlth+}
rNeg     + . .     Faith    .   (no shield)
rPois    ∞         Spirit   .   r - +1 helmet
rElec    +         Reflect  .   (no cloak)
rCorr    .         Harm     .   (no gloves)
MR       .....                  (no boots)
Stlth    +.........             (no amulet)
Regen    0.2/turn               (no ring)
                                h - +2 ring of evasion

@: exhausted, slowed, very slow
A: negative energy resistance 1, electricity resistance, unbreathing,
petrification resistance, rot immunity, AC +4
a: Berserk, Trog's Hand, Burn Spellbooks, Renounce Religion


You were on level 5 of the Dungeon.
You worshipped Trog.
Trog was most pleased with you.
You were very hungry.

You visited 1 branch of the dungeon, and saw 5 of its levels.

You collected 291 gold pieces.
You spent 207 gold pieces at shops.

Inventory:

Hand Weapons
 a - a +1 mace (weapon)
Armour
 r - a +1 helmet (worn)
 x - the +2 scale mail "Yrchiyc" (worn) {Dex+3 Stlth+}
   (You bought it in a shop on level 4 of the Dungeon)

   It affects your dexterity (+3).
   It makes you more stealthy.
Jewellery
 h - a +2 ring of evasion (left hand)
Wands
 t - a wand of flame (23/48)
Scrolls
 i - a scroll of fog {unknown}
 l - 3 scrolls of remove curse {@r2}
 q - a scroll of recharging {unknown}
 u - a scroll of enchant weapon
 v - a scroll of immolation {unknown}
Potions
 b - a potion of mutation {unknown}
 d - a potion of agility {unknown}
 e - 3 potions of cure mutation {unknown}
 f - 2 potions of cancellation
 g - a potion of flight {unknown}
 k - 2 potions of magic
 m - a potion of curing {unknown}
 o - 4 potions of lignification {unknown}
 s - 2 potions of invisibility
Comestibles
 c - 3 bread rations {@e1}
 j - 3 royal jellies {=g@e3}
 w - 4 fruits {@e2}


   Skills:
 - Level 6.2 Fighting
 - Level 6.5 Maces & Flails
 * Level 4.7 Armour
 - Level 1.5 Dodging


You had 6 spell levels left.
You didn't know any spells.

Dungeon Overview and Level Annotations

Branches:
Dungeon (5/15)
 Temple: D:4-7

Altars:
Cheibriados
Gozag
Hepliaklqana
Makhleb
The Shining One

Shops:
D:4 *


Innate Abilities, Weirdness & Mutations

You are resistant to torment.
Your stone body is resilient. (AC +4)
You are immune to poison.
You resist negative energy. (rN+)
You are resistant to electric shocks. (rElec)
You can survive without breathing.
You are immune to petrification.
You are immune to rotting.


Message History

You closely miss the worker ant.
The worker ant is moderately wounded.
The worker ant misses you.
The worker ant bites you but does no damage.
You sock the worker ant!
The worker ant is almost dead.
The worker ant barely misses you. The worker ant bites you.
* * * LOW HITPOINT WARNING * * *
Your scale mail "Yrchiyc" prevents you from hitting the worker ant.
The worker ant is almost dead.
The orc priest looks braver for a moment.
The worker ant misses you.
The worker ant bites you but does no damage.
You hit the worker ant.
You kill the worker ant!
Trog accepts your kill.
The phantom blinks!
The orc priest calls down the wrath of Beogh upon you.
Beogh smites you!
You die...

..............#
...W..........#
..............#
...............
...............
.......r....# #....o#
..>.###o# # #@####
#....## # ####..######
....######......##
.......<...####..######
..########....##......#
####.........#
###########


You could see a phantom, an orc priest, an orc and a quokka.

Vanquished Creatures
  Sigmund (D:4)
  An ogre (D:4)
  A scorpion (D:4)
  A water moccasin skeleton (D:4)
  A howler monkey (D:4)
  A crimson imp (D:5)
  An orc wizard (D:5)
  Jessica (D:2)
  Ijyb (D:2)
  5 worker ants
  A worker ant zombie (D:3)
  4 adders
  4 gnolls
  2 oozes
  2 worms (D:3)
  3 dart slugs
  2 leopard geckos
  3 orcs
  A giant cockroach (D:1)
  7 hobgoblins
  11 jackals
  6 kobolds
  6 bats
  8 frilled lizards
  8 goblins
  A jackal skeleton (D:5)
  11 rats
94 creatures vanquished.

Notes
Turn   | Place    | Note
-------+----------+-------------------------------------------
     0 | D:1      | HarryHood the Gargoyle Berserker began the quest for the Orb.
     0 | D:1      | Reached XP level 1. HP: 14/14 MP: 1/1
   156 | D:1      | Reached XP level 2. HP: 9/20 MP: 2/2
   163 | D:1      | HP: 2/20 [gnoll/spear (4)]
   166 | D:1      | Reached skill level 4 in Fighting
   619 | D:1      | Reached XP level 3. HP: 24/24 MP: 3/3
  1004 | D:2      | Reached skill level 5 in Fighting
  1096 | D:2      | Reached XP level 4. HP: 21/31 MP: 4/4
  1242 | D:2      | Found a faded altar of an unknown god.
  1267 | D:2      | Reached ** piety under Trog
  1340 | D:2      | Noticed Jessica
  1348 | D:2      | Killed Jessica
  1367 | D:2      | Noticed Ijyb
  1381 | D:2      | Killed Ijyb
  1381 | D:2      | Reached skill level 6 in Fighting
  1381 | D:2      | Reached XP level 5. HP: 36/36 MP: 5/5
  1886 | D:3      | Reached skill level 4 in Maces & Flails
  2014 | D:3      | Found an opulent altar of Gozag.
  2192 | D:3      | Found a glowing golden altar of the Shining One.
  2424 | D:3      | Found a burning altar of Makhleb.
  2427 | D:3      | Found a snail-covered altar of Cheibriados.
  2586 | D:4      | Found Ashretiva's Assorted Antiques.
  2594 | D:4      | Reached XP level 6. HP: 41/41 MP: 6/6
  2668 | D:4      | Found a hazy altar of Hepliaklqana.
  2683 | D:4      | Reached skill level 5 in Maces & Flails
  2713 | D:4      | Reached *** piety under Trog
  2819 | D:4      | Noticed Sigmund
  2838 | D:4      | Killed Sigmund
  2838 | D:4      | Reached skill level 6 in Maces & Flails
  2838 | D:4      | Reached XP level 7. HP: 46/46 MP: 7/7
  3039 | D:4      | Reached skill level 3 in Armour
  3215 | D:4      | Bought a faintly humming scale mail for 207 gold pieces
  3225 | D:4      | Identified the +2 scale mail "Yrchiyc" {Dex+3 Stlth+} (You bought it in a shop on level 4 of the Dungeon)
  3254 | D:5      | Entered Level 5 of the Dungeon
  3288 | D:5      | Reached skill level 4 in Armour
  3320 | D:5      | Killed from afar by an orc priest

Vault maps used:
D:1:      minmay_arrival_doors, minmay_hexomino_f4
D:2:      chequers_ecumenical_altar_island, uniq_iyjb, uniq_jessica
D:3:      lemuel_coloured_pillars_altar, overflow_temple_1_default,
          nicolae_overflow_hidden_temple
D:4:      kennysheep_mini_moat, first_bread, serial_shops, shop, uniq_sigmund
D:5:      portal_sewer_entry_d, serial_shops, shop, lemuel_tele_altar,
          uniq_blork_the_orc

Skill      XL: |  1  2  3  4  5  6  7 |
---------------+----------------------+-----
Fighting       | 4 5 6 |  6.2
Maces & Flails | 4 6 |  6.5
Armour         | 4 |  4.7
Dodging        | |  1.5

Action                   |  1- 3 |  4- 6 |  7- 9 || total
-------------------------+-------+-------+-------++-------
Melee: Mace              |   136 |   192 |    62 ||   390
Invok: Berserk           |     1 |     2 |     1 ||     4
  Use: Scroll            |     3 |     5 |       ||     8
  Eat: Chunk             |     2 |     7 |     2 ||    11
Armor: Scale mail        |    45 |       |    20 ||    65
       Animal skin       |     2 |       |       ||     2
       Chain mail        |    59 |   102 |    15 ||   176
Dodge: Dodged            |   124 |    91 |    28 ||   243
